 Dungeon Sprint DCSS version 0.27.1-33-g824d729ab1 (webtiles) character file.

Game seed: 954820327642615774

107 Hipnos the Skirmisher (level 4, -4/43 HPs)
             Began as a Demonspawn Abyssal Knight on Nov 25, 2021.
             Was a Follower of Lugonu.
             Slain by Sigmund (11 damage)
             ... in the Dungeon (Sprint I: "Red Sonja").
             The game lasted 00:01:16 (472 turns).

Hipnos the Skirmisher (Demonspawn Abyssal Knight)    Turns: 472, Time: 00:01:17

Health: -4/43      AC:  3    Str: 12    XL:     4   Next: 57%
Magic:  7/7        EV: 11    Int: 13    God:    Lugonu [*.....]
Gold:   54         SH:  0    Dex: 14    Spells: 3/3 levels left

rFire    . . .     SeeInvis .   a - +1 falchion
rCold    . . .     Faith    .   (no shield)
rNeg     . . .     Spirit   .   b - +0 leather armour
rPois    .         Reflect  .   (no helmet)
rElec    .         Harm     .   (no cloak)
rCorr    .         Rampage  .   (no gloves)
Will     .....     NoTele   +   (no boots)
Stlth    +.........             (no amulet)
HPRegen  0.14/turn              (no ring)
MPRegen  0.10/turn              (no ring)

@: brilliant
A: powered by death 1
a: Renounce Religion


You were in the Dungeon.
You worshipped Lugonu.
Lugonu was aware of your devotion.
You visited 1 branch You collected 54 gold pieces.

Inventory:

Hand Weapons
 a - a +1 falchion (weapon)
Armour
 b - a +0 leather armour (worn)
Scrolls
 h - a scroll of blinking
Potions
 f - 2 potions of magic


   Skills:
 + Level 7.2 Fighting
 + Level 3.8 Long Blades
 + Level 3.5 Armour
 + Level 1.7 Dodging
 + Level 4.5 Invocations


You had 3 spell levels left.
You didn't know any spells.
Your spell library was empty.

Dungeon Overview and Level Annotations

Branches:
Dungeon (1/1)

Altars:

Annotations:
D Sigmund


Innate Abilities, Weirdness & Mutations

You regenerate a little health from kills.


Message History

There is an open door here.
You now have 27 gold pieces.
You now have 54 gold pieces (gained 27).
You start resting.
HP restored.
There is an open door here.
Okay, then.
You open the door.
Sigmund the Dreaded comes into view.
He is wielding a +0 scythe.
Sigmund shouts!
Sigmund gestures wildly while chanting.
Sigmund flickers and vanishes!
Deactivating autopickup; reactivate with Ctrl-A.
You hear some strange, mumbled words.
A puff of flame appears from out of thin air!
The puff of flame misses you.
There is an open door here.
Something hits you!
You hit something. Something hits you.
You barely miss something. You hit something.
You hear some strange, mumbled words.
A puff of flame appears from out of thin air!
The puff of flame hits you! Something hits you!
* * * LOW HITPOINT WARNING * * *
You feel much better.
You barely miss something. Something hits you!
You feel better. Something hits you!
You hit something but do no damage. You hit something.
You hear some strange, mumbled words.
A puff of flame appears from out of thin air!
The puff of flame hits you!
* * * LOW HITPOINT WARNING * * *
Something barely misses you.
It was a potion of brilliance.
You feel clever all of a sudden.
Okay, then.
You hit something. Something hits you!
You die...

#############
#<.#..)..#.{+
#..').#..'@.#
#..#####'####
#..# #..#
#..# ####
#..# #⌠⌠#
####


There were no monsters in sight!

Vanquished Creatures
  An ogre (D)
  Ijyb (D)
2 creatures vanquished.

Notes
Turn   | Place    | Note
-------+----------+-------------------------------------------
     0 | D        | Hipnos the Demonspawn Abyssal Knight began the quest for
                  | the Orb.
     0 | D        | Reached XP level 1. HP: 18/18 MP: 2/2
     1 | D        | Noticed Ijyb
    10 | D        | Killed Ijyb
    11 | D        | Reached skill level 5 in Fighting
    11 | D        | Reached skill level 1 in Dodging
    11 | D        | Gained mutation: You regenerate a little health from kills.
                  | [demonic ancestry]
    11 | D        | Reached XP level 2. HP: 6/27 MP: 2/4
   254 | D        | Noticed an ogre
   264 | D        | Killed an ogre
   265 | D        | Reached skill level 7 in Fighting
   265 | D        | Reached XP level 3. HP: 13/36 MP: 4/6
   265 | D        | Reached XP level 4. HP: 15/43 MP: 4/7
   460 | D        | Noticed Sigmund
   472 | D        | Slain by Sigmund

Illustrated notes

Levels and vault maps discovered:
D:        dungeon_sprint_1 [red_sonja_temple_1, red_sonja_temple_small_1]

Skill      XL: |  1  2 |
---------------+-------+-----
Fighting       | 5 7 |  7.2
Long Blades    | 2 3 |  3.8
Armour         | 2 3 |  3.5
Dodging        | 1 |  1.7
Invocations    | 3 4 |  4.5

Action                   |  1- 3 |  4- 6 || total
-------------------------+-------+-------++-------
Melee: Falchion          |    16 |     7 ||    23
  Use: Potion            |     2 |     3 ||     5
Dodge: Dodged            |     5 |     2 ||     7
       Rpst.: Falchion   |     3 |       ||     3
